Unix NetHack Version 5.0.0-0 post-release - last build May  3 2026 23:40:34 (9823c992c0763bbd039eca2974112f46eaf799b3,branch:main).

Game began 2026-05-04 02:58:01, ended 2026-05-04 03:08:13.

BeardyHaddock, chaotic male elven Wizard

                                                            -----#-
                                                            |.....|
    -----                                                   |...>.|
    |...|           --------------                          |.....-#
    |.`.|           |............|                         #......|#
    |.%..###        |.............              -----   ####-------#
    |...|  ##       |............|            # |...|   #         ##
    -----   ########..<...........#           ##...>|   #         #
                    |............|#             |....%####################
                    --------------#############%-...|  #        #--------.-
                                                ---+-  #         |.....:h.|
                                                   #####         -......x@|
                                                                 |........|
                                                                 |(.......|
                                                                 |........|
                                                                 |........|
                                                                 ----------

BeardyHaddock the Conjurer  St:7 Dx:18 Co:10 In:20 Wi:15 Ch:7  Chaotic
Dlvl:4  $:83 HP:0(27) Pw:42(59) AC:7  Xp:4 T:1757  Satiated

Latest messages:
 You see here a floating eye corpse.
 There is a floating eye corpse here; eat it? [ynq] (n) y
 This floating eye corpse is stringy.
 You stop eating the floating eye corpse.
 In what direction? 4
 The magic missile hits the rothe!
 In what direction? 4
 The spell misses the rothe.
 The spell hits the rothe!
 You kill the rothe!
 The rothe hits!
 The rothe bites!
 The rothe bites again!
 You hit the rothe.
 The rothe just misses!
 The rothe bites!
 The rothe bites again!
 You kill the rothe!
 You see here a rothe corpse.
 There is a rothe corpse here; eat it? [ynq] (n) y
 This rothe corpse is gamey.
 You finish eating the rothe corpse.
 You see here a partly eaten floating eye corpse.
 There is a doorway here.
 You see here a rothe corpse.
 There is a rothe corpse here; eat it? [ynq] (n) y
 This rothe corpse is gamey.
 You finish eating the rothe corpse.
 You see here a partly eaten floating eye corpse.
 This door is locked.
 This door is locked.
 This door is locked.
 This door is locked.
 This door is locked.
 This door is locked.
 This door is locked.
 In what direction? 2
 As you kick the door, it crashes open!
 The hobbit thrusts his dagger.
 The hobbit hits!
 The hobbit thrusts his dagger.
 The hobbit hits!
 The hobbit thrusts his dagger.
 The hobbit hits!
 You die...
 Do you want your possessions identified? [ynq] (y) n
 Do you want to see your attributes? [ynq] (y) n
 Do you want an account of creatures vanquished? [ynaq] (y) n
 Do you want to see your conduct and achievements? [ynq] (y) n
 Do you want to see the dungeon overview? [ynq] (y) n

Inventory:
 Coins    ('$')
  $ - 83 gold pieces
 Weapons  (')')
  a - a blessed +1 quarterstaff (weapon in hands)
 Armor    ('[')
  s - an uncursed +0 cloak of invisibility
  b - an uncursed +0 cloak of magic resistance (being worn)
  t - an uncursed +0 leather armor (being worn)
 Comestibles  ('%')
  x - an uncursed food ration
 Scrolls  ('?')
  k - an uncursed scroll of identify
  i - an uncursed scroll of punishment
  v - an uncursed scroll of scare monster
 Spellbooks  ('+')
  r - an uncursed spellbook of sleep
 Potions  ('!')
  f - a blessed potion of healing
  u - an uncursed potion of healing
  y - an uncursed potion of invisibility
  h - an uncursed potion of sickness
  g - an uncursed potion of speed
 Rings    ('=')
  e - an uncursed ring of free action
  d - an uncursed +2 ring of gain strength
 Wands    ('/')
  z - a wand of locking (0:4)
  c - a wand of sleep (0:6)
 Tools    ('(')
  p - an uncursed leather drum
  o - an uncursed blindfold
  n - a magic marker (0:19)

BeardyHaddock the Wizard's attributes:

Background:
 You were a Conjurer, a level 4 male elven Wizard.
 You were chaotic, on a mission for Anhur
 who was opposed by Ptah (lawful) and Thoth (neutral).
 You were right-handed.
 You were in the Dungeons of Doom, on level 4.
 You entered the dungeon 1757 turns ago.
 It was nighttime.
 There was a full moon in effect when your adventure ended.
 You had 110 experience points, 50 more were needed to attain level 5.

Basics:
 You had 0 out of 27 hit points.
 You had 42 out of 59 energy points (spell power).
 Your armor class was 7.
 Your wallet contained 83 zorkmids.
 Autopickup was off.

Final Characteristics:
 Your strength was 7 (limit:18).
 Your dexterity was 18 (limit:18).
 Your constitution was 10 (limit:16).
 Your intelligence was 20 (limit:20).
 Your wisdom was 15 (limit:20).
 Your charisma was 7 (limit:18).

Final Status:
 You were satiated.
 You were unencumbered.
 You were wielding a quarterstaff.
 You had basic skill with quarterstaff.

Final Attributes:
 You were devoutly aligned.
 You were magic-protected.
 You were sleep resistant.
 You were telepathic.
 You had infravision.
 You were warded.
 You were lucky.
 You are dead.

Miscellaneous:
 You didn't encounter any bones levels.
 Total elapsed playing time was 10 minutes and 12 seconds.

Major events:
 Turn
    1: BeardyHaddock the chaotic male elven Wizard entered the dungeon
  931: attained the rank of Conjurer (level 3)
 1757: killed by a hobbit

Spells:
 Name                 Level Category     Fail Retention
 force bolt             1   attack         0%  91%-100%
 magic missile          2   attack         0%  91%-100%
 sleep                  3   enchantment    0%  91%-100%

Skills:
 Fighting Skills
   bare handed combat [Unskilled]
   riding             [Unskilled]
 Weapon Skills
   dagger             [Unskilled]
   knife              [Unskilled]
   axe                [Unskilled]
   short sword        [Unskilled]
   club               [Unskilled]
   mace               [Unskilled]
   quarterstaff       [Basic]
   polearms           [Unskilled]
   spear              [Unskilled]
   trident            [Unskilled]
   sling              [Unskilled]
   dart               [Unskilled]
   shuriken           [Unskilled]
 Spellcasting Skills
   attack spells      [Basic]
   healing spells     [Unskilled]
   divination spells  [Unskilled]
   enchantment spells [Basic]
   clerical spells    [Unskilled]
   escape spells      [Unskilled]
   matter spells      [Unskilled]

Voluntary challenges:
 Character rerolling was not enabled.
 You never genocided any monsters.
 You never polymorphed an object.
 You never changed form.
 You used no wishes.
Achievement:
 You attained the rank of Conjurer.

 The Dungeons of Doom: levels 1 to 4
    Level 1:
    Level 2:
       An altar, a grave.
    Level 3:
       A sink.
    Level 4: <- You were here.
       Final resting place for
          you, killed by a hobbit.


Vanquished creatures:
  a little dog
  3 floating eyes
  2 rothes
  a giant bat
 an acid blob
  a hobgoblin
  2 yellow molds
  6 geckos
  2 jackals
  a kobold
  2 goblins
  8 lichens
  2 newts
32 creatures vanquished.

No species were genocided or became extinct.

Game over:
                       ----------
                      /          \
                     /    REST    \
                    /      IN      \
                   /     PEACE      \
                  /                  \
                  |  BeardyHaddock   |
                  |      83 Au       |
                  |   killed by a    |
                  |      hobbit      |
                  |                  |
                  |                  |
                  |       2026       |
                 *|     *  *  *      | *
        _________)/\\_//(\/(/\)/\//\/|_)_______

Goodbye BeardyHaddock the Wizard...

You died in The Dungeons of Doom on dungeon level 4 with 685 points,
and 83 pieces of gold, after 1757 moves.
You were level 4 with a maximum of 27 hit points when you died.

